 Dungeon Crawl Stone Soup version 0.31-a0-865-g3d5d91748a (webtiles) character file.

Game seed: 12873437195868488143

267 kae the Cleaver (level 6, -3/51 HPs)
             Began as a Hill Orc Fighter on Oct 10, 2023.
             Slain by a hobgoblin
             ... wielding the +8 trident of the Octopus King {venom, rElec rPois}
             ... led by Robin
              (17 damage)
             ... on level 3 of the Dungeon.
             The game lasted 00:02:43 (2527 turns).

kae the Cleaver (Hill Orc Fighter)                  Turns: 2527, Time: 00:02:43

Health: -3/51      AC: 12    Str: 21    XL:     6   Next: 21%
Magic:  6/6        EV:  7    Int:  8    God:
Gold:   126        SH:  4    Dex: 10    Spells: 5/5 levels left

rFire   . . .        a - +0 war axe
rCold   . . .        c - +0 buckler
rNeg    . . .        j - +0 chain mail
rPois   .            (helmet restricted)
rElec   .            (no cloak)
rCorr   .            g - +2 pair of gloves
SInv    .            (no boots)
Will    +....        (no amulet) Stlth
                     e - ring of willpower
HPRegen 1.08/turn    (no ring)
MPRegen 0.10/turn

%: no passive effects
@: lethally poisoned (-3 -> -4)
A: horns 1, talons 1, regeneration 1, screaming 1
a: no special abilities


You were on level 3 of the Dungeon.
You visited 1 branch of the dungeon, and saw 3 of its levels.
You also visited: Sewer.

You collected 126 gold pieces.


Innate Abilities, Weirdness & Mutations

You have a pair of small horns on your head.
You have sharp toenails.
Your natural rate of healing is unusually fast.
You occasionally shout uncontrollably at your foes.


   Skills:
 - Level 3.6 Fighting
 + Level 8.4 Axes
 - Level 3.2 Armour
 - Level 3.2 Shields


You had 5 spell levels left.
You didn't know any spells.
Your spell library was empty.

Inventory:

Hand Weapons
 a - a +0 war axe (weapon)
Missiles
 f - 30 stones
 h - 12 poisoned darts
Armour
 c - a +0 buckler (worn)
 g - a +2 pair of gloves (worn)
   (You found it on level 1 of the Dungeon)
 j - a +0 chain mail (worn)
   (You found it on level 1 of the Dungeon)
Jewellery
 e - a ring of willpower (left hand)
   (You found it on level 1 of the Dungeon)
Scrolls
 b - 2 scrolls of vulnerability {!r!r}
 i - a scroll of teleportation {@r4}
 k - a scroll of torment {!r}
 l - a scroll of blinking {!r}
 o - a scroll of summoning {unknown}
 q - 2 scrolls of identify {@r1}
 r - a scroll of fear {unknown}
Potions
 d - a potion of might
 m - a potion of enlightenment {unknown}
 n - a potion of haste {unknown}
 p - a potion of invisibility {unknown}

Dungeon Overview and Level Annotations

Branches:
Dungeon (3/15) Zot: 15549   Sewer (visited)

Altars:

Annotations:
D:3 Robin

#.# #.# #.# #.#
#.####.#########
#..............#
######.#######<#
#.# #.# #<#
#.#### #.#
#....#.##
#@#######.)......
#)gggggg..†.....#
#########..[..#.#
##...## #.## .#
.# #


You could see Robin, 2 hobgoblins and 3 goblins.


Message History

There are monsters nearby!
You see here a +0 chain mail.
The goblin shoots a sling bullet.
You block the sling bullet.
You hear a shout!
You hear a shout!
The goblin shoots a sling bullet.
The sling bullet completely misses you.
The goblin shoots a sling bullet.
The sling bullet hits you but does no damage.
You start waiting.
A goblin is nearby!
The goblin unwields a +0 sling.
The goblin wields a +0 dagger.
The goblin hits you but does no damage.
You slash the goblin!
You kill the goblin!
No target in view!
No target in view!
No target in view!
Things that are here:
a +0 dagger; a +0 sling The endoplasm quivers.
You see here a +0 chain mail.
A goblin and a hobgoblin come into view.
You yell at the goblin!
The goblin shouts!
The hobgoblin shouts!
You hear a shout! x3
A hobgoblin comes into view.
The goblin shouts!
The endoplasm barely misses you.
You slash the endoplasm!
You kill the endoplasm!
You closely miss the goblin. Your kick misses the goblin.
You slash the hobgoblin!
You kill the hobgoblin!
The goblin unwields a +0 dagger.
The goblin wields a +0 sling.
The goblin shoots a sling bullet.
The sling bullet barely misses you. The goblin hits you but does no damage.
You slash the goblin!
You kill the goblin!
A goblin comes into view. It is wielding a +0 club.
You slash the hobgoblin!
You kill the hobgoblin!
Robin of the Strong Arm comes into view.
They are wielding a +0 mace.
The goblin shoots a sling bullet.
The sling bullet barely misses you.
Robin shouts!
The goblin shoots a sling bullet.
You block the sling bullet.
The goblin shoots a sling bullet.
The sling bullet hits you but does no damage.
You see here a +0 chain mail.
The goblin shoots a sling bullet.
The sling bullet hits you but does no damage.
The goblin shoots a sling bullet.
The sling bullet barely misses you.
The goblin shoots a sling bullet.
You block the sling bullet.
Things that are here:
a +0 dagger; a +0 sling You start waiting.
A goblin is nearby!
A hobgoblin comes into view.
It is wielding the +8 trident of the Octopus King {venom, rElec rPois}.
The hobgoblin shouts!
You hear a shout!
The goblin hits you but does no damage.
Robin roars a battlecry!
The goblins go into a battle-frenzy!
A goblin comes into view. It is wielding a +0 dagger.
You closely miss the goblin. You claw the goblin.
The goblin hits you but does no damage.
A goblin comes into view. It is wielding a +0 dagger.
You yell at the goblin!
You hit the goblin.
You kill the goblin!
Robin throws the goblin at you!
A goblin comes into view. It is wielding a +0 dagger.
The goblin unwields a +0 sling.
The goblin wields a +0 dagger.
The goblin hits you but does no damage.
The goblin shouts!
You hit the goblin. You claw the goblin.
The goblin hits you but does no damage.
You closely miss the goblin. Your headbutt misses the goblin.
You closely miss Robin. Robin barely misses you.
A hobgoblin comes into view.
The hobgoblin hits you from afar with the +8 trident of the Octopus King {venom, rElec rPois}!!
You block the goblin's attack.
You are too injured to fight recklessly! 😮 HP[-23]
You take 23 damage, and now have 28/51 hp.
MASSIVE DAMAGE!! (PAUSE)
You hit Robin but do no damage. Your headbutt misses Robin. You hit the goblin.
You kill the goblin!
You block Robin's attack. The hobgoblin barely misses you.
Robin hits you but does no damage. 😮 HP[+2]
You regained 2 hp, and now have 30/51 hp.
Unknown command.
You closely miss Robin.
The hobgoblin hits you from afar with the +8 trident of the Octopus King {venom, rElec rPois}!
* * * LOW HITPOINT WARNING * * *
You are poisoned.
Robin hits you with a +0 mace.
* * * LOW HITPOINT WARNING * * *
You hit Robin but do no damage. You claw Robin. You headbutt Robin.
You feel very sick.
The hobgoblin hits you from afar with the +8 trident of the Octopus King {venom, rElec rPois}!
You die...

Skill      XL: |  1  2  3  4  5 |
---------------+----------------+-----
Axes           | 3 4 5 6 8 |  8.4
Fighting       | |  3.6
Armour         | |  3.2
Shields        | |  3.2

Action                     |  1- 3 |  4- 6 || total
---------------------------+-------+-------++-------
  Melee: War axe           |    89 |    89 ||   178
         Kick              |       |    19 ||    19
         Headbutt          |       |     5 ||     5
    Use: Scroll            |     4 |     5 ||     9
         Potion            |       |     1 ||     1
 Armour: Scale mail        |    10 |       ||    10
         Chain mail        |    73 |    77 ||   150
  Dodge: Dodged            |    39 |    34 ||    73
  Block: Buckler           |    26 |    22 ||    48

Levels and vault maps discovered:
D:1:      psy_arrival_conway, layout_basic
D:2:      layout_basic, corexii_corridor_pit
D:3:      layout_loops_ring, gup_sewer_entry_bowl, uniq_jessica, uniq_robin

Notes
Turn   | Place    | Note
-------+----------+-------------------------------------------
     0 | D:1      | kae the Hill Orc Fighter began the quest for the Orb.
     0 | D:1      | Reached XP level 1. HP: 19/19 MP: 1/1
     0 | D:1      | magus.rc [v1.11.3]
    54 | D:1      | Reached skill level 3 in Axes
   199 | D:1      | Reached XP level 2. HP: 23/26 MP: 2/2
   559 | D:1      | Reached skill level 4 in Axes
   971 | D:2      | Reached XP level 3. HP: 31/31 MP: 3/3
   985 | D:2      | Reached skill level 5 in Axes
  1286 | D:2      | Reached XP level 4. HP: 23/39 MP: 4/4
  1501 | D:2      | Gained mutation: You occasionally shout uncontrollably at
                  | your foes. [potion of mutation]
  1501 | D:2      | Gained mutation: You have sharp toenails. [potion of
                  | mutation]
  1501 | D:2      | Gained mutation: You have hidden genetic potential. [potion
                  | of mutation]
  1518 | D:2      | Reached skill level 6 in Axes
  1787 | D:2      | Reached XP level 5. HP: 34/45 MP: 5/5
  1797 | D:2      | Gained mutation: You have a pair of small horns on your
                  | head. [hidden potential]
  2014 | D:3      | Reached skill level 7 in Axes
  2045 | D:3      | Found a glowing drain.
  2049 | Sewer    | Entered a sewer
  2114 | Sewer    | Noticed a water moccasin
  2120 | Sewer    | Killed a water moccasin
  2121 | Sewer    | Reached skill level 8 in Axes
  2121 | Sewer    | Reached XP level 6. HP: 42/51 MP: 6/6
  2133 | Sewer    | Gained mutation: Your natural rate of healing is unusually
                  | fast. [hidden potential]
  2133 | Sewer    | Lost mutation: You have hidden genetic potential. [hidden
                  | potential expressed]
  2506 | D:3      | Noticed Robin
  2520 | D:3      | a hobgoblin comes into view. It is wielding the +8 trident
                  | of the Octopus King {venom, rElec rPois}.
  2527 | D:3      | Slain by a hobgoblin

Vanquished Creatures
  A water moccasin (Sewer)
  A gnoll bouda (D:2)
  3 gnolls (D:2)
  3 adders (D:2)
  A worm (D:3)
  4 orcs (D:3)
  4 endoplasms
  A giant cockroach (D:1)
  8 goblins
  7 hobgoblins
  8 jackals
  10 kobolds
  5 quokkas
  A ball python (D:3)
  4 bats
  3 frilled lizards
  10 rats
74 creatures vanquished.

Table legend:
 A = Non-vault XP
 B = Vault XP
 C = Vault XP percentage of total XP
 D = Non-vault monster count
 E = Vault monster count
 F = Vault count percentage of total count
                 A         B        C        D         E       F
            +---------+---------+-------+---------+---------+-------
      Total |     215 |     167 |  43.7 |      62 |      12 |  16.2
            +---------+---------+-------+---------+---------+-------
        D:1 |      33 |       0 |   0.0 |      19 |       0 |   0.0
        D:2 |     152 |       0 |   0.0 |      26 |       0 |   0.0
        D:3 |      30 |      18 |  37.5 |      17 |      10 |  37.0
      Sewer |       0 |     149 | 100.0 |       0 |       2 | 100.0
            +---------+---------+-------+---------+---------+-------

Skill      XL: |  1  2  3  4  5 |
---------------+----------------+-----
Axes           | 3 4 5 6 8 |  8.4
Fighting       | |  3.6
Armour         | |  3.2
Shields        | |  3.2

Action                     |  1- 3 |  4- 6 || total
---------------------------+-------+-------++-------
  Melee: War axe           |    89 |    89 ||   178
         Kick              |       |    19 ||    19
         Headbutt          |       |     5 ||     5
    Use: Scroll            |     4 |     5 ||     9
         Potion            |       |     1 ||     1
 Armour: Scale mail        |    10 |       ||    10
         Chain mail        |    73 |    77 ||   150
  Dodge: Dodged            |    39 |    34 ||    73
  Block: Buckler           |    26 |    22 ||    48

Illustrated notes

Table legend:
 A = Kills in this place as a percentage of kills in the entire game.
 B = Kills by you in this place as a percentage of kills by you in the entire game.
 C = Kills by friends in this place as a percentage of kills by friends in the entire game.
 D = Other kills in this place as a percentage of other kills in the entire game.
 E = Experience gained in this place as a percentage of experience gained in the entire game.
 F = Experience gained in this place divided by the number of levels of this place that you have seen.
                   A       B       C       D       E      F
               +-------+-------+-------+-------+-------+----------------------
         Total | 100.0 | 100.0 |   N/A |   N/A | 100.0 |  95.5
       Dungeon |  97.3 |  97.3 |   N/A |   N/A |  61.0 |  77.7
         Sewer |   2.7 |   2.7 |   N/A |   N/A |  39.0 | 149.0
               +-------+-------+-------+-------+-------+----------------------

Table legend: (Time is in decaauts)
 A = Elapsed time spent in this place.
 B = Non-inter-level travel time spent in this place.
 C = Inter-level travel time spent in this place.
 D = Time resting spent in this place.
 E = Time spent auto-exploring this place.
 F = Levels seen in this place.
 G = Mean time per level.
                   A        B        C        D        E       F      G
               +--------+--------+--------+--------+--------+-----+--------+
         Total |   2597 |   2548 |     49 |    137 |   1852 |   4 |  649.2 |
       Dungeon |   2449 |   2400 |     49 |    137 |   1751 |   3 |  816.3 |
         Sewer |    147 |    147 |      0 |      0 |    100 |   1 |  147.0 |
               +--------+--------+--------+--------+--------+-----+--------+

Top non-repeatable levels by time:
     D:1: 1040 daAuts
     D:2: 868 daAuts
     D:3: 540 daAuts
   Sewer: 147 daAuts
